 Dungeon Crawl Stone Soup version 0.32-a0-699-g1ee5eff69a (webtiles) character file.

Game seed: 6995060460910390965

340 senseless the Insei (level 6, 0/47 HPs)
             Began as a Demonspawn Shapeshifter on Mar 13, 2024.
             Slain by an orc
             ... wielding a +0 falchion
              (4 damage)
             ... on level 4 of the Dungeon.
             The game lasted 00:06:05 (3102 turns).

senseless the Insei (Demonspawn Shapeshifter)       Turns: 3102, Time: 00:06:05

Health: 0/47       AC:  3    Str: 14      XL:     6   Next: 30%
Magic:  6/6        EV: 11    Int: 10 (11) God:
Gold:   172        SH:  0    Dex: 12 (14) Spells: 5/5 levels left

rFire   . . .        o - +4 war axe (vamp)
rCold   + . .        (no shield)
rNeg    . . .        t - +0 leather armour
rPois   .            v - melded +0 helmet
rElec   .            l - melded +0 cloak
rCorr   .            (gloves currently unavailable)
SInv    .            (boots currently unavailable)
Will    .....        (no amulet)
Stlth   +            e - ring of protection from cold
HPRegen 0.27/turn    (no ring)
MPRegen 0.10/turn

%: no passive effects
@: lethally poisoned (0 -> -14), beast-form, studying Unarmed Combat
A: beast (slay +2), claws 2, sturdy frame 1
a: Begin Untransformation


You were on level 4 of the Dungeon.
You were a hulking beast.
You visited 1 branch of the dungeon, and saw 4 of its levels.

You collected 172 gold pieces.

Inventory:

Hand Weapons
 o - a +4 vampiric war axe (weapon)
Armour
 l - a +0 cloak (melded)
 t - a +0 leather armour (worn)
 v - a +0 helmet (melded)
Jewellery
 e - a ring of protection from cold (left claw)
Talismans
 c - a beast talisman (active)
 d - a flux talisman
Scrolls
 m - a scroll of vulnerability {unknown}
 n - 2 scrolls of identify {unknown}
 p - a scroll of revelation {unknown}
 r - a scroll of enchant armour {unknown}
 s - a scroll of poison {unknown}
Potions
 h - a potion of curing
 i - a potion of cancellation {unknown}
 q - 2 potions of mutation {unknown}
 u - a potion of ambrosia {unknown}


   Skills:
 + Level 3.2 Fighting
 + Level 3.4 Dodging
 + Level 4.0 Unarmed Combat
 + Level 3.7 Shapeshifting


You had 5 spell levels left.
You didn't know any spells.
Your spell library contained the following spells:

 Spells                   Type           Power      Damage    Failure   Level
 Foxfire                  Conj/Fire      0%         2x1d4     36%         1
 Freeze                   Ice            0%         1d3       36%         1
 Shock                    Conj/Air       0%         1d3       36%         1
 Lesser Beckoning         Tloc           0%         N/A       52%         2
 Frozen Ramparts          Ice            0%         1d1       75%         3
 Gell's Gravitas          Tloc           0%         N/A       75%         3
 Hailstorm                Conj/Ice       0%         3d5       75%         3
 Swiftness                Air            0%         N/A       75%         3
 Teleport Other           Tloc           0%         N/A       75%         3
 Vampiric Draining        Necr           0%         2d6       75%         3
 Airstrike                Air            0%         2d(0-16)  98%         4
 Ignite Poison            Fire/Alch      0%         N/A       98%         4
 Sticky Flame             Fire/Alch      0%         2d4       98%         4
 Ignition                 Fire           0%         3d3       100%        8


Dungeon Overview and Level Annotations

Branches:
Dungeon (4/15)
 Temple: D:4-7

Altars:

Shops:
D:4 !


Innate Abilities, Weirdness & Mutations

You are a hulking beast.
Your limbs bulge with bestial killing power. (Slay +2)
You have very sharp fingernails.
Your movements are slightly less encumbered by armour. (ER -2)


Message History

This is a scroll of acquirement!
You see here a manual of Unarmed Combat.
Something appears at your feet!
You pick up a manual of Unarmed Combat and begin studying.
As you read the scroll labelled QOLYIN HERGH, it crumbles to dust.
A profound silence engulfs you.
It was a scroll of silence.
Your surroundings suddenly seem different.
There is a stone staircase leading down here.
Your hearing returns.
An orc wizard and 2 orcs come into view.
The orc wizard is wielding a +1 dagger of venom and wearing a +2 robe of resistance.
The orc wizard shouts!
The orc wizard gestures wildly while chanting.
The orc wizard flickers and vanishes!
Deactivating autopickup; reactivate with Ctrl-A.
The orc shouts!
You slash something! Something hits you.
You are poisoned.
Something hits you but does no damage.
You are more poisoned.
You barely miss something.
You feel extremely sick. Something hits you.
You are more poisoned.
You miss something.
You feel extremely sick. Something completely misses you. Something hits you.
You are lethally poisoned!
You slash something!
Reactivating autopickup.
You feel a bit more experienced.
* * * LOW HITPOINT WARNING * * *
You feel extremely sick.
Your Unarmed Combat skill increases to level 4!
You hit the orc.
You feel better.
The orc is heavily wounded.
* * * LOW HITPOINT WARNING * * *
You feel extremely sick. The orc closely misses you.
The orc hits you with a +0 falchion.
You die...

##...###
#.....#
#####.#
#.###
#...#
###.# #.##
#..####++#
##.hoo...#
#####...#
##


You could see 2 orcs.

Vanquished Creatures
  A water moccasin (D:4)
  A hound (D:3)
  A bombardier beetle (D:4)
  An iguana (D:4)
  2 orc wizards (D:4)
  Robin (D:4)
  2 adders (D:4)
  A ribbon worm (D:2)
  2 dart slugs
  6 orcs (D:4)
  2 ball pythons
  2 endoplasms
  3 giant cockroaches
  8 hobgoblins
  2 jackals (D:3)
  A quokka (D:2)
  2 bats
  4 frilled lizards
  12 goblins
  4 kobolds
  6 rats
64 creatures vanquished.

Notes
Turn   | Place    | Note
-------+----------+-------------------------------------------
     0 | D:1      | senseless the Demonspawn Shapeshifter began the quest for
                  | the Orb.
     0 | D:1      | Reached XP level 1. HP: 15/15 MP: 1/1
   324 | D:1      | Gained mutation: You have sharp fingernails. [demonic
                  | ancestry]
   324 | D:1      | Reached XP level 2. HP: 6/21 MP: 2/2
   922 | D:2      | Got Ysamott's Omnibus of Dead Accelerants
  1050 | D:2      | Reached skill level 3 in Unarmed Combat
  1244 | D:2      | Gained mutation: You have very sharp fingernails. [demonic
                  | ancestry]
  1244 | D:2      | Reached XP level 3. HP: 26/26 MP: 3/3
  1851 | D:3      | Gained mutation: Your movements are slightly less
                  | encumbered by armour. (ER -2) [demonic ancestry]
  1851 | D:3      | Reached XP level 4. HP: 33/33 MP: 4/4
  2266 | D:4      | Found Viodet's Distillery.
  2449 | D:4      | Noticed a water moccasin
  2462 | D:4      | Killed a water moccasin
  2463 | D:4      | Reached XP level 5. HP: 35/40 MP: 5/5
  2625 | D:4      | Reached XP level 6. HP: 13/47 MP: 6/6
  2860 | D:4      | Noticed Robin
  2876 | D:4      | Killed Robin
  3041 | D:4      | Identified a scroll of acquirement
  3041 | D:4      | Acquired a manual of Unarmed Combat
  3102 | D:4      | Reached skill level 4 in Unarmed Combat
  3102 | D:4      | Slain by an orc

Illustrated notes

Levels and vault maps discovered:
D:1:      lordsloth_arrival_two_stooges, layout_basic
D:2:      layout_basic
D:3:      layout_basic
D:4:      layout_rooms, zin_scriptorium, serial_shops, shop, serial_library,
          serial_library_hellmonk_secret_room,
          serial_library_hellmonk_long_bookcase,
          serial_library_hellmonk_junction, serial_library_hellmonk_hallway_a,
          serial_library_regret_index_multi, uniq_robin

Skill      XL: |  1  2  3  4  5  6 |
---------------+-------------------+-----
Dodging        | 2 3 |  3.4
Unarmed Combat | 3 4 |  4.0
Shapeshifting  | 3 |  3.7
Fighting       | 2 3 |  3.2

Action                     |  1- 3 |  4- 6 || total
---------------------------+-------+-------++-------
  Melee: Unarmed           |    60 |       ||    60
         War axe           |    24 |    77 ||   101
         Punch             |     2 |       ||     2
    Use: Potion            |       |     5 ||     5
         Scroll            |       |     5 ||     5
   Stab: Sleeping          |     3 |       ||     3
 Armour: Animal skin       |    16 |       ||    16
         Robe              |    22 |    16 ||    38
         Skin              |       |    31 ||    31
         Leather armour    |       |    49 ||    49
  Dodge: Dodged            |    49 |    60 ||   109
         Form:             |     1 |     1 ||     2
         Beast             |     1 |     1 ||     2

Table legend: (Time is in decaauts)
 A = Elapsed time spent in this place.
 B = Non-inter-level travel time spent in this place.
 C = Inter-level travel time spent in this place.
 D = Time resting spent in this place.
 E = Time spent auto-exploring this place.
 F = Levels seen in this place.
 G = Mean time per level.
                   A        B        C        D        E       F      G
               +--------+--------+--------+--------+--------+-----+--------+
         Total |   3150 |   3092 |     58 |    260 |   2301 |   4 |  787.5 |
       Dungeon |   3150 |   3092 |     58 |    260 |   2301 |   4 |  787.5 |
               +--------+--------+--------+--------+--------+-----+--------+

Top non-repeatable levels by time:
     D:4: 875 daAuts
     D:1: 816 daAuts
     D:2: 750 daAuts
     D:3: 708 daAuts
